Unix NetHack Version 3.7.0-71 Work-in-progress - last build Jan 31 2023 02:41:03 (7ba98a1283f2b7cec35fde026edb48fc825ab8ae,branch:master). Game began 2023-02-05 13:34:41, ended 2023-02-05 14:18:17. nmlkj, chaotic male human Wizard ------------ --------------------------------- |..........| |...............................| |........... |...-----------.---------------.| |..........| |...| (((| |.|.(((|...| |.| |>.........| |...|.(((| +.|.((.|...| |.| |..........| |.1.-..(2| 1 |.-.!(.|...| +.| -.-----|-.-- |...|----------.-------+.------.| ## ## |...|%%%|....|....{.............| ## #######|...|%%%|._..|.......--.-+-.---.| # ###-...|%.%|....|.......|..|..|..|.| # ## #|..%|...|)...|{.........|..|..|.. ### # |...--|-----|-.......-.+-----|..| ---- --.- # #|..)...q@......).............@... |......<| #########-...----|---|-.......----|-----.| |........##### #|...| |..|+.|.......| .|..| .| |.......| ## |...+ |.@|..|.......-..|..| |.| |.......+ ----- --------------------- --- --------- Nmlkj the Thaumaturge St:12 Dx:14 Co:14 In:18 Wi:13 Ch:9 Chaotic S:3867 Dlvl:8 $:617 HP:0(51) Pw:7(51) AC:5 Xp:7/700 T:2772 Satiated Latest messages: The feeling subsides. You drop an uncursed cloth spellbook. You drop an uncursed dark brown spellbook. You drop an uncursed turquoise spellbook. You drop a blessed spellbook of force bolt. You drop an uncursed spellbook of identify. You fail to cast the spell correctly. In what direction? l The spell hits the hill orc! You kill the hill orc! An expensive camera shatters into a thousand pieces! A yellow potion shatters! The plains centaur shoots an arrow! You are hit by an arrow. The plains centaur shoots an arrow! You are hit by an arrow! In what direction? k The spell misses the plains centaur. The plains centaur wields a curved sword! The plains centaur wields a bow! In what direction? k The spell misses the plains centaur. The plains centaur wields a curved sword! In what direction? k The spell misses the plains centaur. The plains centaur swings his curved sword. The plains centaur hits! The plains centaur kicks! In what direction? k The spell hits the plains centaur! You kill the plains centaur! There are many objects here. In what direction? k The spell hits the garter snake! You kill the garter snake! There is a plains centaur corpse here; eat it? [ynq] (n) y This plains centaur corpse is gamey. You hear a door open. You stop eating the plains centaur corpse. There is a partly eaten plains centaur corpse here; eat it? [ynq] (n) y You resume your meal. You stop eating the plains centaur corpse. The mumak butts! The mumak bites! In what direction? h The spell hits the mumak! In what direction? h The spell misses the mumak. The mumak butts! You die... Inventory: Coins $ - 617 gold pieces Weapons a - a blessed +3 quarterstaff named Nmlkj (weapon in hands) Armor p - an uncursed +0 orcish helm (being worn) N - an uncursed +0 pair of iron shoes (being worn) b - an uncursed +1 cloak of magic resistance (being worn) Comestibles C - 2 uncursed food rations v - 2 uncursed melons n - an uncursed pear x - an uncursed tripe ration r - an uncursed egg Scrolls G - an uncursed scroll of confuse monster T - an uncursed scroll of stinking cloud j - an uncursed scroll of teleportation Potions s - an uncursed potion of enlightenment h - an uncursed potion of monster detection K - an uncursed potion of object detection f - an uncursed potion of paralysis Q - a blessed potion of see invisible g - an uncursed potion of sickness i - an uncursed potion of sickness Rings B - an uncursed ring of polymorph control named semi-Elbereth d - an uncursed ring of regeneration J - an uncursed ring of teleport control e - an uncursed ring of warning (on right hand) Wands c - a wand of cold (0:5) Tools V - an uncursed leash k - an uncursed oil lamp U - an uncursed skeleton key W - a blessed tallow candle q - an uncursed wax candle Gems/Stones X - an uncursed agate stone o - 2 uncursed chrysoberyl stones O - an uncursed fluorite stone Y - 2 uncursed jacinth stones S - 2 uncursed topaz stones I - 2 uncursed worthless pieces of black glass u - an uncursed worthless piece of green glass y - an uncursed worthless piece of violet glass R - 2 uncursed worthless pieces of white glass M - 3 uncursed worthless pieces of yellow glass Nmlkj the Wizard's attributes: Background: You were a Thaumaturge, a level 7 male human Wizard. You were chaotic, on a mission for Anhur who was opposed by Ptah (lawful) and Thoth (neutral). You were in the Gnomish Mines, on level 8. You entered the dungeon 2772 turns ago. There was a full moon in effect when your adventure ended. You had 700 experience points, 580 more were needed to attain level 8. Your score was 3867 before end-of-game adjustments. Basics: You had 0 out of 51 hit points. You had 7 out of 51 energy points (spell power). Your armor class was 5. Your wallet contained 617 zorkmids. Autopickup was on for '$' plus thrown. Final Characteristics: Your strength was 12 (limit:18/100). Your dexterity was 14 (limit:18). Your constitution was 14 (limit:18). Your intelligence was 18 (limit:18). Your wisdom was 13 (limit:18). Your charisma was 9 (limit:18). Final Status: You were satiated. You were unencumbered. You were wielding a quarterstaff. You were skilled in quarterstaff. Final Attributes: You were piously aligned. You were magic-protected. You were warned. You were warded. You were lucky. You are dead. Miscellaneous: You disabled loading of bones levels. Total elapsed playing time was 43 minutes and 36 seconds. Major events: Turn 1: nmlkj the chaotic male human Wizard entered the dungeon 1069: entered the Gnomish Mines 1086: attained the rank of Conjurer (level 3) 1851: attained the rank of Thaumaturge (level 6) 1897: reached Mine Town 2772: killed by a mumak Vanquished creatures: a werewolf a plains centaur 4 gnome leaders 2 gnomish wizards 9 dwarves 9 hill orcs a werejackal a hobbit a cave spider 28 gnomes 10 garter snakes a gecko a jackal a kobold a goblin 2 sewer rats 4 grid bugs 3 lichens a newt 81 creatures vanquished. No species were genocided or became extinct. Voluntary challenges: You read items or engraved 5 times. You never engraved Elbereth. You never genocided any monsters. You never polymorphed an object. You never changed form. You used no wishes. Achievements: You entered a shop. You entered the Gnomish Mines. You attained the rank of Conjurer. You attained the rank of Thaumaturge. You entered Minetown. You entered a temple. The Dungeons of Doom: levels 1 to 5 Level 1: Some fountains. Level 2: A general store, a fountain. Level 3: An altar to Anhur, a fountain. Level 4: A fountain. Stairs down to The Gnomish Mines. Level 5: The Gnomish Mines: levels 5 to 10 Level 5: Level 6: Level 7: Level 8: <- You were here. A lighting shop, a temple, some fountains. Final resting place for you, killed by a mumak. Level 9: Level 10: Game over: ---------- / \ / REST \ / IN \ / PEACE \ / \ | nmlkj | | 617 Au | | killed by a | | mumak | | | | | | 2023 | *| * * * | * _________)/\\_//(\/(/\)/\//\/|_)_______ Goodbye nmlkj the Wizard... You died in The Gnomish Mines on dungeon level 8 with 3806 points, and 617 pieces of gold, after 2772 moves. You were level 7 with a maximum of 51 hit points when you died.